 Dungeon Crawl Stone Soup version bcrawl-1.40.3b (webtiles) character file.

Game seed: 13648482717184209041

341198 Amelense the Cruncher (level 10, -5/116 HPs)
             Began as an Ent Monk on Feb 6, 2024.
             Slain by a basilisk (10 damage)
             ... on level 7 of the Dungeon.
             The game lasted 00:29:39 (6496 turns).

Amelense the Cruncher (Ent Monk)                    Turns: 6496, Time: 00:29:40

Health: -5/116     AC: 13    Str: 22    XL:     10   Next: 5%
Magic:  0/11       EV: 13    Int: 11    God:
Gold:   389        SH:  0    Dex: 12    Spells: 9/9 levels left

rFire    . . .     GDR:     32% O - +0 giant club
rCold    . . .     SeeInvis .   (shield currently unavailable)
rNeg     + + +     Gourm    .   (armour unavailable)
rPois    +         Faith    .   b - +0 hat
rElec    +         Spirit   +   (no cloak)
rCorr    .         Reflect  .   (gloves unavailable)
MR       +....                  (boots unavailable)
Stlth    ++........             c - amulet of guardian spirit
HPRegen  0.29/turn              l - ring of insulation
MPRegen  0.12/turn              x - +3 ring of slaying

@: about to teleport, corroded, hasted, quick
A: large, slow actions, passwall, strong branches, negative energy resistance 3,
poison resistance, slow metabolism 1, torment resistance, unbreathing, AC +17
a: Passwall


You were on level 7 of the Dungeon.
You were not hungry.

You visited 1 branch of the dungeon, and saw 7 of its levels.

You collected 389 gold pieces.

Inventory:

Hand Weapons
 a - a +0 quarterstaff
 g - a +0 mace of holy wrath
 t - a +4 quarterstaff of chaos
 y - the +9 spear "Zaopiat" {protect, rF+, unknown}
   (You found it on level 4 of the Dungeon)

   It grants its wielder temporary protection when it strikes (+7 to AC).
   It protects you from fire.
 B - a +2 whip of electrocution
 O - a +0 giant club (weapon)
Missiles
 k - 208 poisoned tomahawks (quivered)
 M - a throwing net {=f}
Armour
 b - a +0 hat (worn)
 s - a +0 cloak
 L - the +9 scales of the Dragon King {rPois rF+ rC+ MR+}
   (You found it on level 6 of the Dungeon)

   It protects you from fire.
   It protects you from cold.
   It protects you from poison.
   It affects your resistance to hostile enchantments.
Magical Staves
 H - an uncursed staff of air
Jewellery
 c - an amulet of guardian spirit (around neck)
 f - an uncursed ring of teleportation
 l - a ring of insulation (left hand)
 q - an uncursed amulet of the gourmand
 w - an uncursed amulet of guardian spirit
 x - a +3 ring of slaying (right hand)
 K - an uncursed amulet of magic regeneration
Scrolls
 d - a scroll of remove curse
 i - 3 scrolls of identify
 m - 2 scrolls of blinking {unknown}
 r - 3 scrolls of fog {unknown}
 u - 5 scrolls of amnesia
 A - 2 scrolls of enchant weapon {unknown}
 D - a scroll of noise {unknown}
 E - a scroll of immolation {unknown}
 F - a scroll of teleportation
 J - a scroll of vulnerability {unknown}
 N - a scroll of acquirement {unknown}
Potions
 h - a potion of agility {unknown}
 j - a potion of brilliance {unknown}
 n - a potion of might
 o - 4 potions of curing
 p - 2 potions of flight
 z - a potion of ambrosia {unknown}
 C - a potion of degeneration {unknown}
 G - 2 potions of mutation {unknown}
 I - 2 potions of heal wounds {unknown}
Comestibles
 e - 12 rations {!d}
 P - 7 chunks of flesh


   Skills:
 + Level 9.0 Fighting
 * Level 2.0(8.1) Maces & Flails
 - Level 10.3(10.4) Staves
 + Level 7.0 Dodging
 - Level 3.2 Stealth
   Level 2.4 Invocations


You had 9 spell levels left.
You didn't know any spells.
Your spell library was empty.

Dungeon Overview and Level Annotations

Branches:
Dungeon (7/12)
 Temple: D:4-7         Lair: D:7-9

Altars:
Ashenzari
Hepliaklqana
Makhleb
Ru
Trog
Wu Jian

Shops:
D:4 [


Innate Abilities, Weirdness & Mutations

You move and act slowly.
You can pass through walls and trees.
Your branches can wield two-handed weapons with a shield.
Your thick bark is tough. (AC +17)
You are too large for most types of armour.
You are immune to negative energy. (rN+++)
Your system is resistant to poisons. (rPois)
You have a slow metabolism.
You are immune to unholy pain and torment.
You can survive without breathing.


Message History

You turn to wood and can move again.
You feel better. The acid dragon barely misses you. x2
The crocodile misses you. The basilisk barely misses you.
You feel yourself speed up.
The acid dragon bites you but does no damage.
The acid dragon closely misses you. The crocodile barely misses you.
The basilisk closely misses you. The acid dragon spits acid at you.
The splash of acid hits you but does no damage.
The acid corrodes you!
You are splashed with acid!
* * * LOW HITPOINT WARNING * * *
You feel better. The basilisk barely misses you. The crocodile bites you!
* * * LOW HITPOINT WARNING * * *
The acid dragon misses you. The acid dragon claws you.
* * * LOW HITPOINT WARNING * * *
As you read the scroll of teleportation, it crumbles to dust.
You feel strangely unstable. The crocodile bites you!
* * * LOW HITPOINT WARNING * * *
The basilisk bites you!
You die...

#### # ###########..###
?# .........###.#.# ##.#
...###..^...†.####....##
##.# ##..........l#.....
#### #####.#..t@D......
##.##.....#...
..####...#.../ ###
###...#.. #.## # ##


You could see a basilisk, a crocodile and an acid dragon.

Vanquished Creatures
  The ghost of Strow the Cleaver, a novice MiFi (D:6)
  Pikel (D:5)
  The ghost of foxfromabyss the Transmogrifier, a novice MfTm of Gozag (D:6)
  Grinder (D:4)
  A hippogriff (D:6)
  2 wyverns (D:7)
  A crocodile (D:7)
  A phantom (D:5)
  2 black bears
  An orc warrior (D:7)
  An ogre (D:7)
  Blork the orc (D:5)
  2 bullfrogs
  A centaur (D:6)
  A scorpion (D:4)
  7 orc priests
  A bullfrog zombie (D:5)
  A quasit (D:5)
  4 hounds
  Crazy Yiuf (D:2)
  2 bullfrog skeletons
  A jelly (D:5)
  Terence (D:2)
  Jessica (D:2)
  Natasha (thrice) (D:4)
  An iguana (D:4)
  5 orc wizards
  3 worker ants (D:4)
  2 howler monkey skeletons
  4 gnolls
  4 adders
  An adder skeleton (D:4)
  2 adder zombies (D:6)
  5 worms
  2 dart slugs (D:2)
  3 leopard geckos
  18 orcs
  8 bats
  2 giant cockroaches (D:1)
  2 goblins (D:1)
  6 hobgoblins
  8 jackals
  5 quokkas
  A ball python (D:3)
  6 frilled lizards
  2 jackal skeletons (D:4)
  6 kobolds
  4 rats
140 creatures vanquished.

Vanquished Creatures (others)
  A slave (D:5)
  A howler monkey (D:5)
  2 adders (D:5)
  An adder skeleton (D:5)
  4 withered plants (D:6)
9 creatures vanquished.

Grand Total: 149 creatures vanquished

Notes
Turn   | Place    | Note
-------+----------+-------------------------------------------
     0 | D:1      | Amelense the Ent Monk began the quest for the Orb.
     0 | D:1      | Reached XP level 1. HP: 25/25 MP: 2/2
     8 | D:1      | Found a shattered altar of Ashenzari.
    88 | D:1      | Reached XP level 2. HP: 33/33 MP: 3/3
   657 | D:2      | Noticed Jessica
   687 | D:2      | Killed Jessica
   688 | D:2      | Reached XP level 3. HP: 19/42 MP: 2/4
   891 | D:2      | Reached XP level 4. HP: 41/51 MP: 2/5
  1049 | D:2      | Noticed Terence
  1068 | D:2      | Killed Terence
  1238 | D:2      | Reached skill level 4 in Staves
  1361 | D:2      | Found a runed door.
  1491 | D:2      | Noticed Crazy Yiuf
  1531 | D:2      | Killed Crazy Yiuf
  1532 | D:2      | Reached XP level 5. HP: 44/58 MP: 1/6
  1986 | D:3      | Found a burning altar of Makhleb.
  2194 | D:3      | Found a bloodstained altar of Trog.
  2194 | D:3      | Found a hazy altar of Hepliaklqana.
  2202 | D:3      | Found a faded altar of an unknown god.
  2205 | D:3      | Found an ornate altar of the Wu Jian Council.
  2207 | D:3      | Found a sacrificial altar of Ru.
  2297 | D:4      | Reached XP level 6. HP: 68/68 MP: 7/7
  2328 | D:4      | Reached skill level 5 in Staves
  2776 | D:4      | Reached skill level 5 in Fighting
  2882 | D:4      | Got a twisted spear
  3033 | D:4      | Reached XP level 7. HP: 78/78 MP: 8/8
  3045 | D:4      | Noticed Grinder
  3055 | D:4      | Killed Grinder
  3056 | D:4      | Reached skill level 6 in Staves
  3180 | D:4      | Found Cyt Taloja's Antique Armour Shop.
  3370 | D:4      | Noticed Natasha
  3396 | D:4      | Killed Natasha
  3429 | D:4      | Noticed Natasha
  3437 | D:4      | Killed Natasha
  3549 | D:4      | Noticed Natasha
  3556 | D:4      | Killed Natasha
  4008 | D:5      | Entered Level 5 of the Dungeon
  4028 | D:5      | Noticed Pikel
  4036 | D:5      | Killed Pikel
  4037 | D:5      | Reached skill level 7 in Staves
  4037 | D:5      | Reached skill level 5 in Dodging
  4037 | D:5      | Reached XP level 8. HP: 88/91 MP: 7/9
  4099 | D:5      | Reached skill level 8 in Staves
  4739 | D:5      | Noticed Blork the orc
  4757 | D:5      | Killed Blork the orc
  4758 | D:5      | Reached skill level 9 in Staves
  4758 | D:5      | Reached XP level 9. HP: 99/100 MP: 8/10
  5063 | D:6      | Found the +9 scales of the Dragon King {rPois rF+ rC+ MR+}
  5086 | D:6      | Noticed foxfromabyss's ghost (novice MfTm)
  5087 | D:6      | Found a runed translucent gate.
  5087 | D:6      | Found a runed translucent gate.
  5088 | D:6      | Noticed Strow's ghost (novice MiFi)
  5089 | D:6      | Found a runed translucent gate.
  5745 | D:6      | Killed Strow's ghost
  5755 | D:6      | Killed foxfromabyss's ghost
  5756 | D:6      | Reached skill level 10 in Staves
  6394 | D:7      | Reached skill level 1 in Maces & Flails
  6474 | D:7      | Reached XP level 10. HP: 116/116 MP: 11/11
  6496 | D:7      | HP: 5/116 [crocodile (7)]
  6496 | D:7      | Slain by a basilisk

Skill      XL: |  1  2  3  4  5  6  7  8  9 10 |
---------------+-------------------------------+-----
Dodging        | 3 4 5 7 |  7.0
Stealth        | 3 |  3.2
Fighting       | 4 5 6 7 9 |  9.0
Staves         | 4 5 7 9 10 | 10.3
Maces & Flails | 1 2 |  2.0
Invocations    | |  2.4

Action                   |  1- 3 |  4- 6 |  7- 9 | 10-12 || total
-------------------------+-------+-------+-------+-------++-------
Melee: Quarterstaff      |    72 |   162 |   167 |       ||   401
       Giant club        |       |       |    11 |     5 ||    16
 Abil: Passwall          |       |       |     2 |       ||     2
  Use: Scroll            |     1 |     1 |     1 |     1 ||     4
       Potion            |       |     2 |     2 |     4 ||     8
 Stab: Sleeping          |     4 |     9 |     4 |       ||    17
       Petrified         |       |       |     2 |       ||     2
       Petrifying        |       |       |     1 |       ||     1
       Paralysed         |       |       |     1 |       ||     1
       Confused          |       |       |     1 |       ||     1
  Eat: Chunk             |     2 |    11 |     7 |       ||    20
       Ration            |       |       |     2 |       ||     2
Armor: Skin              |    68 |   125 |   167 |    20 ||   380
Dodge: Dodged            |    74 |   123 |   143 |    16 ||   356
